Map: Templo óseo EE

Players

batman

  • Race: Zerg Zerg
  • Spawn Location: 7:00

Zeer

  • Race: Protoss Protoss
  • Spawn Location: 7:00

Raavi

  • Race: Zerg Zerg
  • Spawn Location: 6:00

MrFercho - Winner!

  • Race: Zerg Zerg
  • League: Gold
  • Spawn Location: 12:00

tigro - Winner!

  • Race: Terran Terran
  • League: Bronze
  • Spawn Location: 3:00

TATORREA - Winner!

  • Race: Protoss Protoss
  • League: Gold
  • Spawn Location: 1:00

VOD

Have the link to the VOD?

Description

Time

  • Played on: July 23, 2020, 10:20 p.m.
  • Length: 10:31
Show
View Real Time Build Order
Export as new Build Order

batman Zerg 

Build Orders: Hatch First 

Get SALT Encoding   

  12  0:01  Drone  
  13  0:09  Drone  
  14  0:24  Overlord  
  14  0:50  Extractor, Drone  
  14  0:54  Hatchery  
  13  0:58  Drone x2  
  13  1:03  Drone  
  16  1:21  Spawning Pool  
  15  1:25  Drone  
  15  1:27  Drone  
  17  1:35  Drone  
  18  1:46  Drone  
  19  1:58  Drone  
  20  2:05  Extractor  
  20  2:07  Lair  
  19  2:09  Zergling x2  
  19  2:10  Zergling x2  
  19  2:15  Queen  
  23  2:45  Drone  
  23  2:46  Drone x4  
  28  2:58  Overlord x2  
  28  3:04  Spine Crawler  
  27  3:06  Spine Crawler  
  27  3:09  Metabolic Boost  
  26  3:13  Hydralisk Den  
  26  3:16  Evolution Chamber  
  26  3:17  Drone  
  25  3:23  Drone  
  25  3:24  Drone  
  27  3:27  Drone  
  27  3:31  Drone  
  29  3:44  Muscular Augments, Hydralisk  
  29  3:47  Drone  
  32  3:50  Drone  
  32  3:53  Drone  
  34  3:58  Hydralisk  
  36  4:04  Drone  
  36  4:06  Hydralisk  
  39  4:15  Drone  
  39  4:16  Queen  
  42  4:20  Overlord  
  42  4:25  Hydralisk  
  42  4:29  Overlord  
  44  4:33  Extractor  
  44  4:35  Hydralisk  
  44  4:36  Extractor  
  44  4:39  Zergling x2  
  44  4:41  Drone  
  44  4:45  Drone  
  47  4:48  Overlord  
  47  4:58  Zerg Missile Weapons Level 1  
  47  5:00  Grooved Spines  
  47  5:11  Baneling Nest  
  46  5:15  Zergling x2, Hydralisk  
  46  5:16  Overlord  
  46  5:17  Zergling x2  
  46  5:18  Zergling x2  
  51  5:34  Drone x2  
  51  5:35  Overlord, Drone  
  54  5:39  Hydralisk x2  
  54  5:42  Zergling x2  
  59  5:57  Drone x4  
  61  6:03  Centrifical Hooks  
  63  6:10  Drone  
  63  6:11  Drone  
  65  6:12  Drone  
  65  6:14  Baneling  
  65  6:15  Baneling x2  
  65  6:17  Baneling  
  65  6:18  Baneling  
  66  6:49  Zergling x2, Hydralisk x2  
  66  6:50  Zergling x4, Hydralisk  
  66  6:52  Zerg Melee Weapons Level 1  
  66  6:53  Hatchery  
  74  6:54  Baneling x2  
  74  6:55  Baneling x3  
  74  6:56  Baneling  
  74  6:57  Baneling  
  74  6:58  Baneling  
  74  7:03  Hydralisk  
  74  7:08  Hydralisk  
  78  7:10  Zergling x2  
  68  7:25  Zergling x6  
  50  7:32  Zergling x4, Hydralisk x2  
  50  7:33  Zergling x4  
Show
View Real Time Build Order
Export as new Build Order

Zeer Protoss 

Build Orders:  

Get SALT Encoding   

  12  0:00  Probe  
  13  0:19  Pylon  
  13  0:20  Probe  
  14  0:32  Probe  
  15  0:37  Assimilator  
  15  0:44  Assimilator, Probe  
  16  0:57  Gateway  
  16  1:07  Forge  
  16  1:44  Pylon  
  16  1:51  Photon Cannon  
  16  1:55  Cybernetics Core  
  16  2:02  Pylon  
  16  2:37  Stargate  
  16  2:38  Stargate  
  16  2:41  Probe  
  16  2:49  Probe  
  18  3:01  Probe  
  19  3:09  Probe  
  19  3:17  Probe  
  21  3:32  Void Ray  
  25  3:49  Void Ray  
  25  3:54  Probe  
  30  4:26  Void Ray  
  34  4:37  Pylon x2  
  34  4:50  Void Ray  
  38  5:03  Pylon  
  38  5:20  Void Ray  
  42  5:43  Nexus  
  42  6:02  Protoss Shields Level 1  
  42  6:04  Protoss Air Weapons Level 1  
  42  6:18  Assimilator  
  42  6:22  Assimilator  
  42  6:45  Stargate x2  
  42  7:32  Void Ray x2  
  50  8:11  Void Ray  
  58  8:15  Void Ray  
  61  8:21  Void Ray  
  25  9:11  Nexus  
  17  9:40  Pylon  
  17  9:41  Pylon  
Show
View Real Time Build Order
Export as new Build Order

Raavi Zerg 

Build Orders: Pool First 

Get SALT Encoding   

  12  0:01  Drone  
  13  0:23  Spawning Pool  
  13  0:27  Drone  
  13  0:36  Extractor, Drone  
  13  0:38  Drone  
  14  0:48  Overlord  
  14  0:52  Extractor  
  14  0:54  Drone  
  14  1:08  Drone  
  15  1:19  Drone  
  15  1:22  Drone  
  17  1:32  Spine Crawler  
  16  1:37  Drone  
  17  1:48  Drone  
  18  2:00  Drone  
  19  2:33  Spine Crawler  
  19  2:34  Spine Crawler  
  19  2:35  Spine Crawler  
  17  3:00  Drone x3  
  17  3:02  Lair  
  19  3:19  Hatchery  
  18  3:31  Overlord  
  18  3:48  Zergling x6  
  21  4:08  Drone  
  22  4:31  Extractor  
  21  4:32  Queen  
  23  4:39  Infestation Pit  
  23  4:44  Hatchery  
  21  4:58  Spire  
  21  5:00  Drone  
  21  5:14  Drone x2  
  23  5:32  Hive  
  23  5:40  Drone x2  
  25  5:54  Queen  
  27  6:05  Drone x2  
  27  6:06  Drone  
  27  6:10  Drone  
  31  6:16  Drone  
  31  6:18  Drone  
  33  6:28  Drone x3  
  36  6:36  Extractor  
  35  6:40  Drone x3  
  38  6:47  Extractor  
  35  7:07  Overlord  
  35  7:08  Overlord x4  
  32  7:23  Zergling x2  
  32  7:24  Zergling x6  
Show
View Real Time Build Order
Export as new Build Order

MrFercho Zerg - Winner!

Build Orders: Hatch First 

Get SALT Encoding   

  12  0:08  Drone  
  13  0:19  Overlord  
  13  0:29  Drone  
  14  0:37  Drone x2  
  16  0:54  Drone  
  17  0:57  Hatchery  
  17  0:58  Drone  
  17  1:03  Drone  
  18  1:09  Extractor  
  17  1:19  Spawning Pool  
  17  1:22  Drone  
  17  1:31  Drone  
  18  1:37  Drone  
  19  1:52  Drone  
  20  1:56  Overlord  
  20  2:24  Drone x4  
  23  2:44  Zergling x8  
  28  2:58  Drone x2  
  28  3:00  Queen x2  
  28  3:05  Metabolic Boost  
  32  3:14  Drone  
  32  3:15  Drone x2  
  32  3:17  Drone  
  36  3:26  Overlord  
  36  3:27  Overlord  
  36  3:35  Overlord  
  36  3:46  Drone x2  
  38  3:57  Drone  
  38  3:58  Drone x2  
  41  4:05  Lair  
  41  4:07  Overlord  
  41  4:13  Drone x2  
  41  4:16  Drone x5  
  48  4:19  Extractor  
  48  4:21  Extractor  
  46  4:29  Overlord  
  46  4:37  Drone x2  
  48  4:46  Zergling x4  
  48  4:50  Zergling x2  
  48  4:51  Zergling x2  
  52  4:54  Zergling x6  
  52  4:58  Zergling x2  
  52  4:59  Zergling x4  
  58  5:09  Zergling x4  
  58  5:12  Zergling x2  
  61  5:16  Zergling x2  
  62  5:33  Hatchery, Drone x2  
  62  5:34  Roach Warren  
  62  5:35  Drone  
  63  5:37  Drone x2  
  63  5:38  Zergling x8  
  69  5:54  Zergling x4  
  71  6:02  Zergling x8  
  71  6:03  Zergling x2  
  76  6:05  Overlord x2  
  76  6:16  Hatchery  
  75  6:21  Zergling x2  
  75  6:25  Zergling x4  
  78  6:28  Glial Reconstitution  
  78  6:37  Roach x5  
  88  6:41  Overlord x3  
  87  7:16  Zergling x26  
  94  7:27  Spore Crawler  
  94  7:28  Spore Crawler  
  94  7:29  Spore Crawler  
  73  7:36  Hydralisk Den  
  67  7:43  Roach x6  
  66  8:06  Hydralisk  
  66  8:07  Hydralisk x6  
  66  8:10  Queen  
  66  8:11  Queen  
  81  8:21  Drone x9  
  88  8:51  Hydralisk x3  
  88  8:54  Overlord x3  
  84  9:13  Hydralisk x4  
  92  9:34  Hydralisk  
  92  9:35  Hydralisk x4  
  102  9:57  Overlord x4  
Show
View Real Time Build Order
Export as new Build Order

tigro Terran - Winner!

Build Orders:  

Get SALT Encoding   

  12  0:15  SCV  
  13  0:25  Supply Depot  
  13  0:27  SCV  
  14  0:40  SCV  
  15  0:48  Supply Depot  
  15  0:52  SCV  
  15  0:53  Barracks  
  16  1:02  Refinery  
  16  1:07  Refinery  
  16  1:08  SCV  
  17  1:26  SCV  
  18  1:34  Engineering Bay  
  18  1:38  SCV  
  19  1:41  Marine  
  20  1:59  Marine  
  21  2:17  Marine  
  22  2:35  Marine  
  23  2:52  Marine  
  24  3:07  Factory  
  24  3:11  Barracks Tech Lab  
  24  3:22  SCV  
  25  3:34  SCV  
  25  3:36  Terran Infantry Weapons Level 1  
  25  3:39  Combat Shield  
  26  3:41  Command Center  
  26  3:42  Marine  
  26  3:47  SCV  
  28  3:56  Factory Tech Lab  
  28  3:59  SCV  
  29  4:11  Barracks  
  29  4:31  Orbital Command  
  29  4:53  Siege Tank  
  29  4:55  Refinery  
  29  4:58  Stimpack  
  32  5:03  Refinery  
  32  5:05  SCV  
  33  5:11  Barracks Reactor  
  33  5:17  SCV  
  34  5:27  Siege Tank  
  37  5:29  SCV  
  37  5:31  Terran Infantry Armor Level 1  
  38  5:39  Starport  
  38  5:41  SCV  
  39  5:54  SCV  
  40  6:03  Marine x3  
  43  6:06  SCV  
  44  6:18  SCV  
  45  6:20  Marine  
  45  6:21  Marine x2  
  48  6:28  Medivac  
  48  6:30  SCV  
  51  6:38  Marine  
  51  6:39  Marine  
  53  6:42  SCV  
  54  6:54  SCV  
  55  7:06  SCV  
  56  7:25  Hi-Sec Auto Tracking  
  55  7:43  Marine x3  
  58  8:01  Marine x3  
  61  8:18  Marine  
  62  8:21  Marine  
  62  8:22  Neosteel Armor  
  62  8:27  Marine  
  61  8:36  Marine  
  62  9:27  Marine  
  62  9:28  Marine  
  57  9:36  Viking  
  49  9:44  Marine  
  47  10:22  Starport Tech Lab  
Show
View Real Time Build Order
Export as new Build Order

TATORREA Protoss - Winner!

Build Orders:  

Get SALT Encoding   

  12  0:01  Probe  
  13  0:13  Probe  
  14  0:25  Pylon  
  14  0:33  Probe  
  15  0:45  Probe  
  16  0:55  Probe  
  16  0:58  Gateway  
  16  1:03  Probe  
  18  1:12  Probe  
  18  1:13  Pylon  
  18  1:14  Assimilator  
  18  1:16  Pylon  
  19  1:24  Probe  
  20  1:37  Probe  
  21  1:46  Gateway  
  21  1:48  Gateway  
  21  1:50  Assimilator, Probe  
  22  2:02  Probe  
  22  2:03  Cybernetics Core  
  23  2:11  Zealot  
  25  2:43  Warp Gate, Zealot  
  25  2:49  Zealot x2  
  31  3:12  Nexus  
  31  3:15  Pylon  
  31  3:26  Pylon  
  31  3:32  Twilight Council  
  31  3:36  Gateway  
  30  3:49  Charge  
  30  3:50  Probe  
  31  3:58  Probe  
  32  4:07  Probe  
  33  4:19  Pylon, Probe  
  34  4:25  Probe  
  34  4:26  Pylon  
  34  4:31  Probe  
  36  4:37  Probe  
  37  4:43  Probe, Zealot  
  37  4:44  Zealot x2  
  44  4:49  Probe, Zealot  
  47  4:55  Probe  
  48  5:01  Probe  
  49  5:07  Probe  
  49  5:13  Probe  
  49  5:14  Zealot x3  
  53  5:15  Zealot  
  53  5:20  Probe  
  60  5:25  Probe  
  61  5:30  Forge  
  61  5:32  Probe  
  61  5:35  Assimilator  
  62  5:37  Probe  
  62  5:40  Assimilator  
  62  5:41  Zealot  
  65  5:42  Zealot  
  65  5:44  Protoss Ground Weapons Level 1  
  65  5:46  Zealot  
  65  5:49  Zealot  
  71  5:51  Probe  
  71  5:53  Probe  
  73  6:03  Probe  
  74  6:05  Probe  
  75  6:15  Probe  
  76  6:23  Zealot x2  
  76  6:24  Zealot x2  
  84  6:50  Zealot  
  86  6:59  Nexus  
  86  7:02  Pylon  
  86  7:04  Pylon  
  86  7:07  Pylon  
  46  7:28  Zealot x4  
  54  7:36  Probe x2  
  56  7:48  Probe x2  
  56  7:51  Gateway x2  
  58  7:53  Gateway  
  58  7:54  Gateway  
  58  7:57  Zealot x2  
  62  8:00  Probe x2  
  62  8:04  Gateway  
  64  8:08  Gateway  
  64  8:12  Probe x2, Zealot x2  
  70  8:20  Gateway  
  68  8:33  Stalker  
  51  8:58  Stalker  
  51  8:59  Stalker x4  
  49  9:54  Stalker  
  49  9:55  Stalker x3  
  49  9:58  Pylon  
  57  10:01  Pylon  
  57  10:02  Pylon  
Tags
 
Add a new tag
Caveats
  • Supply blocks, unpowered buildings, or Contaminate may cause inaccurate times.
  • Supply counts are checked every 10 seconds.